 Dungeon Crawl Stone Soup version 0.21-a0-265-gb353147 (webtiles) character file.

7 namelastname112 the Ducker (level 1, -4/10 HPs)
             Began as a Felid Chaos Knight on Sept 12, 2017.
             Killed from afar by a dart slug (6 damage)
             ... with a slug dart
             ... on level 1 of the Dungeon.
             The game lasted 00:00:24 (114 turns).

namelastname112 the Ducker (Felid Chaos Knight)      Turns: 114, Time: 00:00:25

Health: -4/10      AC:  1    Str:  8    XL:     1   Next: 83%
Magic:  2/2        EV: 18    Int: 13    God:    Xom [..*...]
Gold:   7          SH:  0    Dex: 15    Spells: 0/0 levels left
                                        Lives:  0   Deaths: 0

rFire    . . .     SeeInvis +     - Unarmed
rCold    . . .     Gourm    .   (shield unavailable)
rNeg     . . .     Faith    .   (armour unavailable)
rPois    .         Spirit   .   (helmet unavailable)
rElec    .         Reflect  .   (cloak unavailable)
rCorr    .         Harm     .   (gloves unavailable)
MR       .....                  (boots unavailable)
Stlth    ++........             (no amulet)
HPRegen  0.03/turn              (no ring)
MPRegen  0.08/turn              (no ring)

@: quick
A: no armour, no weapons or thrown items, stealth, claws 1, fangs 3, see
invisible, carnivore 3, speed 1, shaggy fur 1, slow metabolism 1, sharp paws
a: Renounce Religion


You were on level 1 of the Dungeon.
You worshipped Xom.
You were a toy of Xom.
You were not hungry.

You visited 1 branch of the dungeon, and saw 1 of its levels.

You collected 7 gold pieces.

Inventory:

Scrolls
 b - 4 scrolls of identify {unknown}
Potions
 c - a potion of lignification {unknown}
Comestibles
 a - a meat ration


   Skills:
 + Level 3.0 Fighting
 + Level 3.5 Dodging
 + Level 0.4 Stealth
 * Level 3.2 Unarmed Combat


You couldn't memorise any spells.
You didn't know any spells.

Dungeon Overview and Level Annotations

Branches:
Dungeon (1/15)

Altars:


Innate Abilities, Weirdness & Mutations

You cannot wear armour.
You are incapable of wielding weapons or throwing items.
Your paws allow you to move quietly. (Stealth)
You have sharp claws.
You have razor-sharp teeth.
You have supernaturally acute eyesight. (SInv)
You are carnivorous and can eat meat at any time.
You cover ground quickly.
You are covered in fur. (AC +1)
You have a slow metabolism.
Your sharp claws are effective at attacking unaware monsters.


Message History

You scratch the giant cockroach.
You kill the giant cockroach!
You scratch the hobgoblin.
You bite the hobgoblin, but do no damage.
The hobgoblin is heavily wounded.
The hobgoblin hits you with a club.
Ouch! That really hurt!
* * * LOW HITPOINT WARNING * * *
You take 6 damage, and have 2/10 hp.
MASSIVE DAMAGE!!
You barely miss the hobgoblin.
The hobgoblin is heavily wounded.
The hobgoblin closely misses you.
Found a meat ration.
A frilled lizard and a dart slug come into view.
Found 11 gold pieces and a short sword.
The dart slug launches a dart at you. The slug dart hits you!
Ouch! That really hurt!
You die...
Xom laughs nastily!

#### ##..# ...# ##..##
#..###..## # #..#..## .#
#....# ..# ###..#.# ##.#
#...##..######...
##.#####......$.##
###..# ######@..####
#...#######.g.........w.
#†#####..S.g###.........
.!......##### #........#
######### .........# #
#.......... .#
#..#......# ...
.l.#....%.# ##.#
).########


You could see a dart slug, a hobgoblin, a goblin, a ball python and a frilled
lizard (sleeping).

Vanquished Creatures
  A dart slug (D:1)
  2 giant cockroaches (D:1)
  A goblin (D:1)
  A rat (D:1)
5 creatures vanquished.

Notes
Turn   | Place    | Note
-------+----------+-------------------------------------------
     0 | D:1      | namelastname112 the Felid Chaos Knight began the quest for the Orb.
     0 | D:1      | Reached XP level 1. HP: 10/10 MP: 2/2
   114 | D:1      | Killed from afar by a dart slug

Vault maps used:
D:1:      dpeg_arrival_rooms_c, minmay_tetromino_i4

Action                   || total
-------------------------++-------
Melee: Unarmed           ||    17
       Bite              ||     1
  Eat: Chunk             ||     1
Armor: Skin              ||     2
Dodge: Dodged            ||    10

Table legend:
 A = Spawn XP
 B = Non-spawn XP
 C = Spawn XP percentage of total XP
 D = Spawn monster count
 E = Non-spawn monster count
 F = Spawn count percentage of total count
 G = Total turns spent on level
                    A         B        C        D         E        F      G
               +---------+---------+-------+---------+---------+-------+---------
         Total |       0 |      10 |   0.0 |       0 |       5 |   0.0 |   114
               +---------+---------+-------+---------+---------+-------+---------
           D:1 |       0 |      10 |   0.0 |       0 |       5 |   0.0 |   114
               +---------+---------+-------+---------+---------+-------+---------
